 Dungeon Crawl Stone Soup version 0.31-a0-216-g22e908daa7 (webtiles) character file.

Game seed: 7647058598927148119

1319 qw the Skirmisher (level 8, -6/65 (70) HPs)
             Began as a Minotaur Hexslinger on July 1, 2023.
             Was an Initiate of Okawaru.
             Mangled by a wight
             ... wielding a +0 flail
              (8 damage)
             ... on level 6 of the Dungeon.
             The game lasted 00:01:38 (4518 turns).

qw the Skirmisher (Minotaur Hexslinger)             Turns: 4518, Time: 00:01:39

HP:   -6/65 (70)    AC:  7    Str: 13    XL:     8   Next: 33%
MP:   8/8           EV: 13    Int: 10    God:    Okawaru [......]
Gold: 256           SH:  0    Dex: 21    Spells: 8/9 levels left

rFire   . . .        e - +1 sling (heavy)
rCold   + . .        (no shield)
rNeg    . . .        k - +3 ring mail {Will+}
rPois   .            (helmet restricted)
rElec   .            (no cloak)
rCorr   .            (no gloves)
SInv    .            (no boots)
Will    +....        (no amulet)
Stlth   +            d - +6 ring of dexterity
HPRegen 0.30/turn    (no ring)
MPRegen 0.11/turn

%: no passive effects
@: drained
A: horns 2, retaliatory headbutt, iridescent scales 1, cold resistance 1,
deformed body
a: Renounce Religion


You were on level 6 of the Dungeon.
You worshipped Okawaru.
Okawaru was noncommittal.
You visited 2 branches of the dungeon, and saw 8 of its levels.

You collected 256 gold pieces.


Innate Abilities, Weirdness & Mutations

You have a pair of horns on your head.
You reflexively headbutt those who attack you in melee.
You are partially covered in iridescent scales. (AC +2)
Your flesh is cold resistant. (rC+)
Armour fits poorly on your strangely shaped body.


   Skills:
 - Level 6.0 Fighting
 + Level 9.0 Ranged Weapons
 - Level 2.1 Armour
 - Level 4.0 Dodging
 - Level 1.0 Spellcasting
 - Level 2.0 Hexes


You had 8 spell levels left.
You knew the following spells:

 Your Spells              Type           Power      Damage    Failure   Level
a - Slow                  Hex            16%        N/A       32%         1

Your spell library contained the following spells:

 Spells                   Type           Power      Damage    Failure   Level
 Inner Flame              Hex/Fire       2%         N/A       82%         3
 Portal Projectile        Hex/Tloc       4%         N/A       82%         3
 Cause Fear               Hex            2%         N/A       97%         4

Inventory:

Hand Weapons
 e - a +1 heavy sling (weapon)
Armour
 i - a +0 pair of boots
 k - a +3 ring mail of willpower (worn)
 n - a scarf of repulsion
Jewellery
 c - an amulet of the acrobat
 d - a +6 ring of dexterity (left hand)
Wands
 l - a wand of digging (4)
Scrolls
 b - a scroll of brand weapon
 f - 6 scrolls of identify
Potions
 g - a potion of haste
 h - a potion of might
 j - a potion of enlightenment

Dungeon Overview and Level Annotations

Branches:
Dungeon (7/15)             Temple (1/1) D:5

Altars:
Ashenzari
Cheibriados
Dithmenos
Elyvilon
Fedhas
Gozag
Hepliaklqana
Kikubaaqudgha
Makhleb
Nemelex Xobeh
Okawaru
Qazlal
Ru
Sif Muna
Trog
Uskayaw
Vehumet
Wu Jian
Xom
Yredelemnul
Zin
The Shining One

Annotations:
D:3 2 transporters, qw's ghost, amateur DEHu
D:6 Sigmund


Message History

You shoot a sling bullet. The sling bullet hits the wight!
You destroy the wight!
Okawaru accepts your kill.
You shoot a sling bullet.
The sling bullet hits the wight but does no damage.
The wight hits you with a +0 long sword!
You shoot a sling bullet.
The sling bullet barely misses the wight.
The wight hits you with a +2 falchion.
You feel drained.
The wight hits you with a +0 long sword!
You feel drained.
You shoot a sling bullet.
The sling bullet hits the wight but does no damage.
The wight closely misses you. The wight barely misses you.
The wight completely misses you. You furiously retaliate!
You headbutt the wight! The wight closely misses you.
You shoot a sling bullet. The sling bullet hits the wight.
The wight is almost destroyed.
The wight hits you with a +2 falchion. The wight barely misses you.
You shoot a sling bullet.
The sling bullet barely misses the wight.
The wight hits you with a +2 falchion.
The wight hits you with a +0 long sword.
The wight barely misses you. x2
You shoot a sling bullet. The sling bullet hits the wight.
You destroy the wight!
Okawaru accepts your kill. The wight hits you with a +2 falchion.
You feel drained.
Your Dodging skill increases to level 4!
You shoot a sling bullet.
The sling bullet closely misses the wight.
The wight hits you with a +2 falchion.
You shoot a sling bullet.
The sling bullet closely misses the wight.
The wight completely misses you. The wight hits you with a +2 falchion.
You feel drained.
You shoot a sling bullet. The sling bullet hits the wight.
The wight is lightly damaged.
The wight hits you with a +0 flail!
You die...

#### ...... .... ......
.... ##...... #####.
........ #...#. #.....
#...#. # #... #...## #.
####z## #...## #..
+..@z.# #...##
#...+###..#########...#.
#.................#...'.
##...............#...##
. #.....................
..
##+###..########......
... #...#######......
.... #........##....[.
)... #######..##......


You could see 2 wights.

Vanquished Creatures
  A water moccasin (D:6)
  An orc warrior (D:6)
  A sky beast (D:7)
  An ice beast (D:5)
  3 ogres
  4 wights
  A jelly (D:4)
  4 hounds
  2 orc priests
  Ijyb (D:3)
  2 iguanas (D:7)
  An orc wizard (D:5)
  8 adders
  A gnoll (D:1)
  A worm (D:2)
  4 dart slugs
  8 orcs
  7 ball pythons
  5 endoplasms
  A giant cockroach (D:1)
  5 goblins
  7 hobgoblins
  14 jackals
  8 kobolds
  2 quokkas
  A bat (D:2)
  2 frilled lizards (D:1)
  6 rats
102 creatures vanquished.

Notes
Turn   | Place    | Note
-------+----------+-------------------------------------------
     0 | D:1      | qw the Minotaur Hexslinger began the quest for the Orb.
     0 | D:1      | Reached XP level 1. HP: 16/16 MP: 1/1
     0 | D:1      | 0 ||| qw: Version: 0.3-a-35-g05ef00e
     0 | D:1      | 0 ||| qw: Game counter: 7721
     0 | D:1      | 0 ||| qw: Melee chars always use a shield: true
     0 | D:1      | 0 ||| qw: God list: Okawaru
     0 | D:1      | 0 ||| qw: Allow faded altars: false
     0 | D:1      | 0 ||| qw: Do Orc after clearing Dungeon:15 true
     0 | D:1      | 0 ||| qw: Do second Lair branch before Depths: true
     0 | D:1      | 0 ||| qw: Lair rune preference: random
     0 | D:1      | 0 ||| qw: Goals: Normal
     0 | D:1      | 0 ||| PLANNING D:1-11
   147 | D:1      | Reached skill level 3 in Ranged Weapons
   147 | D:1      | Reached XP level 2. HP: 16/23 MP: 2/2
   319 | D:1      | Reached XP level 3. HP: 27/29 MP: 3/3
   559 | D:1      | 559 ||| UPGRADING to +0 ring mail.
   569 | D:1      | 569 ||| DROPPING +0 robe.
   570 | D:1      | 570 ||| READING 2 scrolls labelled JOVUBO KAOJAC.
   571 | D:1      | 571 ||| READING scroll labelled BUCREE PASSA.
   572 | D:1      | 572 ||| READING scroll labelled HODEMI SOPNU.
   573 | D:1      | 573 ||| READING scroll labelled KAYNKY NA GAC.
   577 | D:1      | 577 ||| DROPPING scroll of amnesia.
   578 | D:1      | 578 ||| DROPPING scroll of poison.
   702 | D:2      | Found a sacrificial altar of Ru.
   801 | D:2      | Reached skill level 4 in Ranged Weapons
  1035 | D:2      | Reached skill level 1 in Armour
  1192 | D:2      | 1192 ||| READING 3 scrolls labelled PEEVOP NUWNOT.
  1193 | D:2      | 1193 ||| READING 2 scrolls of brand weapon.
  1193 | D:2      | 1193 ||| BRANDING +1 sling of electrocution.
  1194 | D:2      | 1194 ||| READING scroll labelled WOACKO DAUBAOTT.
  1195 | D:2      | 1195 ||| READING scroll labelled NOGUAN WEBB.
  1196 | D:2      | 1196 ||| READING scroll labelled BOSOAK DUS.
  1197 | D:2      | 1197 ||| DRINKING 2 pink potions.
  1197 | D:2      | Gained mutation: You have hidden genetic defects. [potion
                  | of mutation]
  1197 | D:2      | Gained mutation: Your flesh is cold resistant. (rC+)
                  | [potion of mutation]
  1197 | D:2      | Gained mutation: A frigid envelope surrounds you and
                  | freezes all who hurt you. [potion of mutation]
  1288 | D:3      | Reached XP level 4. HP: 36/36 MP: 4/4
  1307 | D:3      | Gained mutation: You occasionally lose the ability to drink
                  | potions when taking damage. [hidden defects]
  1309 | D:3      | 1309 ||| DRINKING potion of mutation.
  1309 | D:3      | Lost mutation: You occasionally lose the ability to drink
                  | potions when taking damage. [potion of mutation]
  1309 | D:3      | Lost mutation: A frigid envelope surrounds you and freezes
                  | all who hurt you. [potion of mutation]
  1309 | D:3      | Gained mutation: Armour fits poorly on your strangely
                  | shaped body. [potion of mutation]
  1309 | D:3      | Gained mutation: Your spells are a little harder to cast,
                  | but a little more powerful. [potion of mutation]
  1309 | D:3      | Gained mutation: You are partially covered in iridescent
                  | scales. (AC +2) [potion of mutation]
  1311 | D:3      | Found a transporter.
  1312 | D:3      | Noticed qw's ghost (amateur DEHu)
  1383 | D:3      | Found a transporter.
  1505 | D:3      | Lost mutation: Your spells are a little harder to cast, but
                  | a little more powerful. [hidden defects]
  1505 | D:3      | Lost mutation: You have hidden genetic defects. [hidden
                  | defects expressed]
  1745 | D:3      | Noticed Ijyb
  1755 | D:3      | Killed Ijyb
  1756 | D:3      | Reached skill level 5 in Ranged Weapons
  1904 | D:3      | 1904 ||| UPGRADING to +3 ring mail of willpower.
  1914 | D:3      | 1914 ||| DROPPING +0 ring mail.
  1915 | D:3      | 1915 ||| READING 4 scrolls of identify.
  1915 | D:3      | 1915 ||| IDENTIFYING brown potion
  1916 | D:3      | 1916 ||| READING 3 scrolls of identify.
  1916 | D:3      | 1916 ||| IDENTIFYING clear potion
  1917 | D:3      | 1917 ||| READING 2 scrolls of identify.
  1917 | D:3      | 1917 ||| IDENTIFYING blue potion
  1918 | D:3      | 1918 ||| DROPPING potion of attraction.
  1919 | D:3      | 1919 ||| DROPPING potion of invisibility.
  1920 | D:3      | 1920 ||| DROPPING potion of brilliance.
  1945 | D:4      | Noticed an ogre
  1951 | D:4      | Killed an ogre
  1952 | D:4      | Reached XP level 5. HP: 46/46 MP: 5/5
  2155 | D:4      | You fall into a shaft and drop 3 floors!
  2195 | D:7      | Noticed a sky beast
  2211 | D:7      | Killed a sky beast
  2212 | D:7      | Reached skill level 6 in Ranged Weapons
  2212 | D:7      | Reached XP level 6. HP: 30/52 MP: 6/6
  2504 | D:7      | 2504 ||| READING scroll labelled MINGIHIGAH.
  2605 | D:7      | 2605 ||| DRINKING 2 sedimented orange potions.
  2613 | D:6      | 2613 ||| FLEEEEING.
  2614 | D:6      | 2614 ||| STAIRDANCE
  2615 | D:5      | Entered Level 5 of the Dungeon
  2681 | D:5      | Reached skill level 7 in Ranged Weapons
  3009 | D:4      | Reached XP level 7. HP: 58/59 MP: 7/7
  3225 | D:4      | 3225 ||| UPGRADING to +6 ring of dexterity.
  3242 | D:4      | 3242 ||| DRINKING 2 fuming inky potions.
  3243 | D:4      | 3243 ||| READING 3 scrolls of identify.
  3243 | D:4      | 3243 ||| IDENTIFYING murky green potion
  3284 | D:5      | Reached skill level 3 in Dodging
  3341 | D:5      | Reached skill level 8 in Ranged Weapons
  3495 | D:5      | Found a staircase to the Ecumenical Temple.
  3496 | D:5      | 3496 ||| PLANNING TEMPLE
  3496 | D:5      | 3496 ||| READING scroll labelled LEHUPRALYB.
  3505 | Temple   | Entered the Ecumenical Temple
  3560 | Temple   | 3560 ||| PLANNING OKAWARU WORSHIP
  3715 | Temple   | Became a worshipper of Warmaster Okawaru
  3716 | Temple   | 3716 ||| PLANNING D:1-11
  3941 | D:5      | Found a sparkling altar of Nemelex Xobeh.
  4077 | D:6      | Noticed Sigmund
  4090 | D:6      | HP: 13/61 [Sigmund/magic dart (4)]
  4091 | D:6      | 4091 ||| READING scroll of teleportation.
  4092 | D:6      | 4092 ||| Stepping ~*~*~tactically~*~*~ (outnumbered).
  4095 | D:6      | 4095 ||| FLEEEEING.
  4096 | D:6      | 4096 ||| STAIRDANCE
  4249 | D:6      | 4249 ||| STAIRDANCE
  4253 | D:5      | Reached skill level 9 in Ranged Weapons
  4253 | D:5      | Reached XP level 8. HP: 36/65 MP: 8/8
  4255 | D:5      | HP: 14/63 [wight/+0 short sword of speed (3)]
  4506 | D:6      | Reached skill level 6 in Fighting
  4515 | D:6      | HP: 13/66 [wight/+2 falchion (4)]
  4517 | D:6      | HP: 1/67 [wight/+2 falchion (6)]
  4518 | D:6      | Mangled by a wight

Levels and vault maps discovered:
D:1:      tarquinn_simple_flora_water_b, layout_basic, hex_intersection
D:2:      layout_basic, basic_altar, minmay_pentomino_w2
D:3:      layout_basic, gammafunk_ghost_arena, uniq_ijyb
D:4:      layout_rooms, hangedman_decor_peaks_small, nicolae_hexahallways,
          kennysheep_opposing_triangles
D:5:      layout_basic, nemelex_diamond_rough_becter, temple_fountains
D:6:      layout_basic, uniq_eustachio, uniq_grinder, uniq_sigmund
D:7:      layout_loops_ring, minmay_small_thing
Temple:   mainiacjoe_temple_archimedes_tessellation

Skill      XL: |  1  2  3  4  5  6  7  8 |
---------------+-------------------------+-----
Ranged Weapons | 3 4 5 6 7 9 |  9.0
Fighting       | 2 4 5 6 |  6.0
Armour         | 1 2 |  2.1
Dodging        | 3 4 |  4.0
Spellcasting   | |  1.0
Hexes          | |  2.0

Action                     |  1- 3 |  4- 6 |  7- 9 || total
---------------------------+-------+-------+-------++-------
   Fire: Sling             |   123 |   117 |    91 ||   331
    Use: Scroll            |     9 |     4 |     3 ||    16
         Potion            |     1 |     2 |     1 ||     4
 Armour: Robe              |     9 |       |       ||     9
         Ring mail         |    15 |    38 |    14 ||    67
  Dodge: Dodged            |    46 |    56 |    31 ||   133

Table legend:
 A = Non-vault XP
 B = Vault XP
 C = Vault XP percentage of total XP
 D = Non-vault monster count
 E = Vault monster count
 F = Vault count percentage of total count
                 A         B        C        D         E       F
            +---------+---------+-------+---------+---------+-------
      Total |    1796 |      89 |   4.7 |      95 |       7 |   6.9
            +---------+---------+-------+---------+---------+-------
        D:1 |      55 |       0 |   0.0 |      21 |       0 |   0.0
        D:2 |      19 |       4 |  17.4 |      10 |       2 |  16.7
        D:3 |      66 |      36 |  35.3 |      17 |       1 |   5.6
        D:4 |     204 |      49 |  19.4 |      17 |       4 |  19.0
        D:5 |     718 |       0 |   0.0 |      17 |       0 |   0.0
        D:6 |     534 |       0 |   0.0 |      10 |       0 |   0.0
        D:7 |     200 |       0 |   0.0 |       3 |       0 |   0.0
            +---------+---------+-------+---------+---------+-------
